 Dungeon Sprint DCSS version 0.26-a0-660-gc07710193c (webtiles) character file.

Game seed: 8031277351177493809

280405 mhtbhm the Minotaur Barricade (level 18, 0/200 HPs)
             Began as a Minotaur Fighter on Oct 6, 2020.
             Was the Champion of Okawaru.
             Killed by drain life
             ... invoked by a deathcap
             ... summoned by a curse toe
              (17 damage)
             ... in the Dungeon (Sprint IX: "|||||||||||||||||||||||||||||").
             The game lasted 00:20:03 (11546 turns).

mhtbhm the Minotaur Barricade (Minotaur Fighter)   Turns: 11546, Time: 00:20:04

Health: 0/200      AC: 52    Str: 41    XL:     18   Next: 12%
Magic:  35/35      EV: 20    Int:  5    God:    Okawaru [******]
Gold:   114        SH: 30    Dex: 15    Spells: 17/17 levels left

rFire    + + +     SeeInvis +   H - +9 morningstar of the Solstice {venom, rElec rF+++ rC+ MR-}
rCold    + . .     Faith    .   c - +0 tower shield
rNeg     . . .     Spirit   .   b - +9 crystal plate armour "Kyifrigg" {rCorr MP+9 Dex+2 SInv}
rPois    +         Reflect  .   (helmet restricted)
rElec    +         Harm     .   A - +2 cloak {rPois}
rCorr    +         Rampage  .   x - +2 pair of gloves {Str+3}
MR       .....     NoTele   +   I - +1 pair of boots {Fly}
Stlth    ..........             D - amulet of the acrobat
HPRegen  0.43/turn              F - +6 ring of strength
MPRegen  0.24/turn              B - +6 ring of strength

@: no status effects
A: retaliatory headbutt, hooves 1, horns 2, shaggy fur 1
}: 5/17 runes: decaying, serpentine, barnacled, silver, gossamer
a: Heroism, Finesse, Renounce Religion, Evoke Flight


You were in the Dungeon.
You worshipped Okawaru.
Okawaru was exalted by your worship.
You visited 1 branch You collected 1967 gold pieces.
You spent 1853 gold pieces at shops.

Inventory:

Hand Weapons
 a - a +2 morningstar of protection
 q - the +6 demon whip "Byona" {elec, Str-4 Dex+4 SInv}
   (Okawaru gifted it to you in the Dungeon)

   Occasionally, upon striking a foe, it will discharge some electrical energy
   and cause terrible harm.
   It affects your strength (-4).
   It affects your dexterity (+4).
   It lets you see invisible.
 G - the +7 mace of Variability {chain chaos}
   (You found it in the Dungeon)

   Each time it hits an enemy it has a different, random effect.
 H - the +9 morningstar of the Solstice (weapon) {venom, rElec rF+++ rC+ MR-}
   (Okawaru gifted it to you in the Dungeon)

   It poisons the flesh of those it strikes.
   It renders you almost immune to fire.
   It protects you from cold.
   It insulates you from electricity.
   It affects your resistance to hostile enchantments.
 J - a +1 eudemon blade of holy wrath
Missiles
 k - 74 javelins (quivered)
Armour
 b - the +9 crystal plate armour "Kyifrigg" (worn) {rCorr MP+9 Dex+2 SInv}
   (Okawaru gifted it to you in the Dungeon)

   It affects your dexterity (+2).
   It affects your magic capacity (+9).
   It lets you see invisible.
   It provides partial protection from all sources of acid and corrosion.
 c - a +0 tower shield (worn)
 n - a +2 cloak of magic resistance
 x - a +2 pair of gloves of strength (worn)
 A - a +2 cloak of poison resistance (worn)
 I - a +1 pair of boots of flying (worn)
Jewellery
 B - a +6 ring of strength (right hand)
 D - an amulet of the acrobat (around neck)
 F - a +6 ring of strength (left hand)
 L - a +3 ring of slaying
 M - the ring of Qyosaif {Wiz rElec}
   (You found it in the Dungeon)

   [ring of wizardry]

   It improves your spell success rate.
   It insulates you from electricity.
Wands
 o - a wand of digging (4)
Scrolls
 j - 3 scrolls of blinking
 l - 5 scrolls of remove curse
 m - 2 scrolls of amnesia
 t - 5 scrolls of identify
 u - 7 scrolls of fear
 v - 4 scrolls of fog
 w - 7 scrolls of enchant weapon
 E - 8 scrolls of enchant armour
Potions
 d - 2 potions of might
 e - 5 potions of curing
 g - 4 potions of heal wounds
 h - 9 potions of magic
 i - 5 potions of stabbing
 p - a potion of berserk rage
 r - 4 potions of brilliance
 s - a potion of resistance
 z - a potion of flight {unknown}
 P - 5 potions of haste


   Skills:
 O Level 27 Fighting
 O Level 27 Maces & Flails
 + Level 25.8 Throwing
 O Level 27 Armour
 + Level 18.9 Dodging
 + Level 8.6 Stealth
 O Level 27 Shields
 + Level 12.9 Invocations
 + Level 3.2 Evocations


You had 17 spell levels left.
You didn't know any spells.
Your spell library contained the following spells:

 Spells                   Type           Power        Failure   Level
 Haunt                    Necr/Summ      #.........   100%        7
 Borgnjor's Revivificati  Necr           #.........   100%        8
 Chain Lightning          Conj/Air       #.........   100%        8
 Infestation              Necr           #.........   100%        8
 Lehudib's Crystal Spear  Conj/Erth      #.........   100%        8
 Necromutation            Tmut/Necr      #.........   100%        8
 Absolute Zero            Ice            #.........   100%        9
 Death's Door             Necr           #.........   100%        9
 Fire Storm               Conj/Fire      #.........   100%        9


Dungeon Overview and Level Annotations

Branches:
Dungeon (1/1)

Altars:
Cheibriados
Dithmenos
Elyvilon
Fedhas
Gozag
Hepliaklqana
Kikubaaqudgha
Makhleb
Nemelex Xobeh
Okawaru
Qazlal
Ru
Sif Muna
Trog
Uskayaw
Vehumet
Wu Jian
Xom
Yredelemnul
Zin
The Shining One
Beogh
Jiyva
Lugonu

Shops:
D *::[


Innate Abilities, Weirdness & Mutations

You reflexively headbutt those who attack you in melee.
You have a pair of horns on your head.
You have large cloven feet.
You are covered in fur. (AC +1)


Message History

The curse toe gestures.
You pound the wandering mushroom like an anvil!!!!
You destroy the wandering mushroom!
Unknown command.
Unknown command.
You hit the curse toe.
The curse toe is heavily damaged.
You hit the curse toe. You headbutt the curse toe.
The curse toe is heavily damaged.
The curse toe gestures.
You hit the curse toe. Your headbutt misses the curse toe.
The curse toe is heavily damaged.
Unknown command.
You impale the curse toe!! You headbutt the curse toe.
The curse toe is almost destroyed.
The curse toe calls on the powers of darkness!
Your body is wracked with pain!
* * * LOW HITPOINT WARNING * * *
The deathcap draws from the surrounding life force!
You die...

.))(.))[).....(..)..)))).....))))
▓▓▓▓▓▓▓▓▓▓▓▓▓▓▓▓▓▓▓▓▓▓▓▓▓▓▓▓▓▓▓▓▓
.[...............................
▓▓▓▓▓▓▓▓▓▓▓▓▓▓▓▓▓▓▓▓▓▓▓▓▓▓▓▓▓▓▓▓▓
........[[[[[[[...)))))))........
▓▓▓▓▓▓▓▓▓▓▓▓▓▓▓▓▓▓▓▓▓▓▓▓▓▓▓▓▓▓▓▓▓
......................)......)...
▓▓▓▓▓▓▓▓▓▓▓▓▓▓▓▓▓▓▓▓▓▓▓▓▓▓▓▓▓▓▓▓▓
+((.fz@fff....[)..†)†)(
▓▓▓▓▓▓▓▓▓▓▓▓▓▓▓▓▓▓▓▓▓▓▓


You could see a curse toe, a deathcap (summoned) and 3 wandering mushrooms.

Vanquished Creatures
  Mennas (D)
  Mara (D)
  An ancient lich (D)
  Sojobo (D)
  Boris (D)
  Saint Roka (D)
  Frederick (D)
  Margery (D)
  A caustic shrike (D)
  2 golden dragons (D)
  Jory (D)
  Nikola (D)
  A bone dragon (D)
  2 tentacled monstrosities (D)
  A quicksilver dragon (D)
  A titan (D)
  Frances (D)
  6 shadow dragons (D)
  3 nagarajas (D)
  2 tengu reavers (D)
  5 fire giants (D)
  A frost giant (D)
  A draconian knight (D)
  2 ghost moths (D)
  7 emperor scorpions (D)
  2 vault wardens (D)
  Louise (D)
  An ironheart preserver (D)
  3 entropy weavers (D)
  2 very ugly things (D)
  A green draconian (D)
  2 stone giants (D)
  5 red draconians (D)
  3 spark wasps (D)
  2 purple draconians (D)
  4 fire dragons (D)
  A merfolk impaler (D)
  Snorg (D)
  5 merfolk javelineers (D)
  3 ettins (D)
  An ogre mage (D)
  A great orb of eyes (D)
  25 vault guards (D)
  A rakshasa (D)
  3 naga warriors (D)
  A ghost crab (D)
  11 hydras (D)
  A catoblepas (D)
  3 boulder beetles (D)
  2 ice dragons (D)
  2 spriggan air magi (D)
  An alligator snapping turtle (D)
  An anaconda (D)
  An alligator (D)
  4 centaur warriors (D)
  A death knight (D)
  4 merfolk aquamancers (D)
  A two-headed ogre (D)
  A tengu warrior (D)
  A deep troll shaman (D)
  A deep troll earth mage (D)
  A naga sharpshooter (D)
  3 spriggan berserkers (D)
  A deep elf knight (D)
  4 hell knights (D)
  A shadow wraith (D)
  7 swamp dragons (D)
  2 sea snakes (D)
  2 flayed ghosts (D)
  A salamander mystic (D)
  A naga ritualist (D)
  An ironbrand convoker (D)
  12 orc knights (D)
  2 necromancers (D)
  2 ugly things (D)
  3 orc sorcerers (D)
  A deep elf mage (D)
  A salamander (D)
  2 wolf spiders (D)
  A cyclops (D)
  2 moths of wrath (D)
  Maurice (D)
  4 vault sentinels (D)
  3 black mambas (D)
  4 naga magi (D)
  2 guardian serpents (D)
  A merfolk siren (D)
  A cane toad (shapeshifter) (D)
  3 cane toads (D)
  2 komodo dragons (D)
  2 demonic crawlers (D)
  4 yaktaurs (D)
  A yaktaur (shapeshifter) (D)
  2 freezing wraiths (D)
  4 merfolk (D)
  3 jumping spiders (D)
  A snapping turtle (D)
  A bog body (D)
  2 slime creatures (D)
  A shadow (D)
  2 tarantellas (D)
  A wraith (D)
  2 redbacks (D)
  A basilisk (D)
  2 vampire mosquitoes (D)
  2 nagas (D)
  5 wargs (D)
  3 acid dragons (D)
  4 water moccasins (D)
  3 hell hounds (D)
  A swamp drake (D)
  17 orc warriors (D)
  A sky beast (D)
  4 wolves (D)
  A boggart (D)
  5 bullfrogs (D)
  A wight (D)
  A jelly (D)
  5 orc priests (D)
  4 hounds (D)
  An iguana (D)
  5 orc wizards (D)
  A white imp (D)
  An ufetubus (D)
  6 orcs (D)
  A bat zombie (D)
  2 giant cockroaches (D)
  A kobold (D)
  A quokka (D)
  2 goblins (D)
  A jackal zombie (D)
328 creatures vanquished.

Vanquished Creatures (others)
  Ilsuiw (D)
  A merfolk aquamancer (D)
  A naga sharpshooter (D)
  A sea snake (D)
  A swamp drake (D)
5 creatures vanquished.

Grand Total: 333 creatures vanquished

Notes
Turn   | Place    | Note
-------+----------+-------------------------------------------
     0 | D        | mhtbhm the Minotaur Fighter began the quest for the Orb.
     0 | D        | Reached XP level 1. HP: 19/19 MP: 0/0
    28 | D        | Noticed an iguana
    38 | D        | Reached XP level 2. HP: 20/28 MP: 1/1
    43 | D        | Reached skill level 5 in Fighting
    43 | D        | Reached skill level 5 in Armour
    43 | D        | Reached skill level 5 in Shields
    43 | D        | Reached XP level 3. HP: 17/36 MP: 2/2
    53 | D        | Found a roughly hewn altar of Beogh.
    53 | D        | Found a snail-covered altar of Cheibriados.
    53 | D        | Found a shadowy altar of Dithmenos.
    53 | D        | Found a white marble altar of Elyvilon.
    53 | D        | Found a blossoming altar of Fedhas.
    53 | D        | Found an opulent altar of Gozag.
    54 | D        | Found a hazy altar of Hepliaklqana.
    55 | D        | Found a viscous altar of Jiyva.
    56 | D        | Found an ancient bone altar of Kikubaaqudgha.
    57 | D        | Found a corrupted altar of Lugonu.
    58 | D        | Found a burning altar of Makhleb.
    59 | D        | Found a sparkling altar of Nemelex Xobeh.
    60 | D        | Found an iron altar of Okawaru.
    61 | D        | Found a stormy altar of Qazlal.
    62 | D        | Found a sacrificial altar of Ru.
    63 | D        | Found a shimmering blue altar of Sif Muna.
    64 | D        | Found a bloodstained altar of Trog.
    65 | D        | Found a hide-covered altar of Uskayaw.
    66 | D        | Found a radiant altar of Vehumet.
    67 | D        | Found an ornate altar of the Wu Jian Council.
    68 | D        | Became a worshipper of Warmaster Okawaru
    69 | D        | Found a shimmering altar of Xom.
    70 | D        | Found a basalt altar of Yredelemnul.
    71 | D        | Found a glowing silver altar of Zin.
    72 | D        | Found a glowing golden altar of the Shining One.
   212 | D        | Noticed a water moccasin
   212 | D        | Noticed a two-headed ogre
   215 | D        | Reached skill level 1 in Dodging
   221 | D        | Reached XP level 4. HP: 36/45 MP: 3/3
   221 | D        | Reached skill level 5 in Maces & Flails
   222 | D        | Killed a two-headed ogre
   222 | D        | Reached * piety under Okawaru
   222 | D        | Reached ** piety under Okawaru
   222 | D        | Reached *** piety under Okawaru
   222 | D        | Reached skill level 10 in Fighting
   222 | D        | Reached skill level 10 in Armour
   222 | D        | Reached skill level 10 in Shields
   222 | D        | Reached XP level 5. HP: 29/59 MP: 4/4
   222 | D        | Reached XP level 6. HP: 33/67 MP: 5/5
   222 | D        | Reached XP level 7. HP: 36/73 MP: 6/6
   394 | D        | Noticed a cyclops
   394 | D        | Noticed an eight-headed hydra
   401 | D        | Killed an eight-headed hydra
   401 | D        | Reached **** piety under Okawaru
   401 | D        | Reached ***** piety under Okawaru
   401 | D        | Reached skill level 10 in Maces & Flails
   401 | D        | Reached XP level 8. HP: 54/82 MP: 7/7
   412 | D        | Killed a cyclops
   412 | D        | Reached skill level 5 in Dodging
   425 | D        | Reached XP level 9. HP: 40/90 MP: 8/8
   717 | D        | Noticed a five-headed hydra
   717 | D        | Noticed a seven-headed hydra
   717 | D        | Noticed a cane toad
   720 | D        | Noticed a seven-headed hydra
   729 | D        | Killed a seven-headed hydra
   729 | D        | Killed a cane toad
   738 | D        | Killed a five-headed hydra
   738 | D        | Reached ****** piety under Okawaru
   738 | D        | Reached skill level 1 in Evocations
   741 | D        | Killed a seven-headed hydra
   741 | D        | Reached XP level 10. HP: 32/101 MP: 9/9
   758 | D        | Reached skill level 1 in Stealth
  1063 | D        | Noticed a black mamba
  1063 | D        | Noticed a cane toad
  1063 | D        | Noticed a catoblepas
  1063 | D        | Noticed a cane toad
  1065 | D        | Killed a cane toad
  1065 | D        | Received a gift from Okawaru
  1071 | D        | Killed a cane toad
  1071 | D        | Killed a black mamba
  1071 | D        | Reached skill level 15 in Maces & Flails
  1083 | D        | Killed a catoblepas
  1083 | D        | Reached skill level 15 in Armour
  1123 | D        | Got a scorched plate armour {god gift}
  1129 | D        | Identified the +4 plate armour "Moytuyl" {Int+4} (Okawaru
                  | gifted it to you in the Dungeon)
  1304 | D        | Reached skill level 15 in Shields
  1317 | D        | Reached XP level 11. HP: 105/111 MP: 10/10
  1683 | D        | Noticed an orc sorcerer
  1683 | D        | Noticed an orc sorcerer
  1683 | D        | Noticed an orc knight
  1691 | D        | Killed an orc knight
  1694 | D        | Killed an orc sorcerer
  1694 | D        | Reached skill level 15 in Fighting
  1696 | D        | Noticed an orc sorcerer
  1698 | D        | Killed an orc sorcerer
  1724 | D        | Killed an orc sorcerer
  2057 | D        | Found Zijelas's Antique Armour Boutique.
  2057 | D        | Noticed an orc knight
  2057 | D        | Noticed an orc knight
  2057 | D        | Noticed an orc knight
  2066 | D        | Killed an orc knight
  2076 | D        | Killed an orc knight
  2080 | D        | Found Ireu's Book Shop.
  2089 | D        | Killed an orc knight
  2099 | D        | Noticed an orc knight
  2106 | D        | Found Muclej's Book Boutique.
  2114 | D        | Killed an orc knight
  2126 | D        | Found Edit's Assorted Antiques.
  2268 | D        | Noticed an orc knight
  2270 | D        | Noticed an orc knight
  2298 | D        | Killed an orc knight
  2319 | D        | Killed an orc knight
  2325 | D        | Reached skill level 1 in Invocations
  2384 | D        | Bought a potion of heal wounds for 85 gold pieces
  2384 | D        | Bought a scroll of enchant weapon for 127 gold pieces
  2384 | D        | Bought an embroidered cloak for 127 gold pieces
  2394 | D        | Bought a book of Annihilations for 1214 gold pieces
  2400 | D        | Bought a scroll of fear for 59 gold pieces
  2400 | D        | Bought a scroll labeled QENNYTY AHEMOA for 17 gold pieces
  2400 | D        | Bought a scroll labeled QENNYTY AHEMOA for 17 gold pieces
  2406 | D        | Bought a pitted scale mail for 207 gold pieces
  2416 | D        | Identified the +2 scale mail "Muahum" {rC- rCorr Str+8}
                  | (You bought it in a shop in the Dungeon)
  2848 | D        | Noticed Maurice
  2861 | D        | Killed Maurice
  2967 | D        | Gained mutation: You are covered in fur. (AC +1) [potion of
                  | mutation]
  2967 | D        | Gained mutation: You have large cloven feet. [potion of
                  | mutation]
  2968 | D        | Noticed a centaur warrior
  2968 | D        | Noticed a centaur warrior
  2968 | D        | Noticed a brown ugly thing
  2971 | D        | Noticed a purple ugly thing
  2976 | D        | Killed a brown ugly thing
  2984 | D        | Killed a centaur warrior
  2984 | D        | Received a gift from Okawaru
  2990 | D        | Killed a centaur warrior
  2990 | D        | Reached XP level 12. HP: 103/124 MP: 11/11
  2990 | D        | Noticed a tengu warrior
  3016 | D        | Killed a tengu warrior
  3225 | D        | Noticed an ice dragon
  3227 | D        | Noticed a fire dragon
  3241 | D        | Killed an ice dragon
  3256 | D        | Killed a fire dragon
  3600 | D        | Noticed Frances
  3617 | D        | Killed Frances
  3648 | D        | Noticed Saint Roka
  3693 | D        | Killed Saint Roka
  3693 | D        | Received a gift from Okawaru
  4054 | D        | Noticed an entropy weaver
  4054 | D        | Noticed a spark wasp
  4062 | D        | Killed a spark wasp
  4067 | D        | Reached XP level 13. HP: 55/134 MP: 13/13
  4505 | D        | Killed an entropy weaver
  4909 | D        | Noticed a merfolk javelineer
  4953 | D        | HP: 5/137 [merfolk javelineer/javelin (17)]
  4963 | D        | Killed a merfolk javelineer
  4963 | D        | Received a gift from Okawaru
  4994 | D        | Got a faintly glowing morningstar {god gift}
  4995 | D        | Identified the +9 morningstar of the Solstice {venom, rElec
                  | rF+++ rC+ MR-} (Okawaru gifted it to you in the Dungeon)
  5346 | D        | Reached skill level 5 in Stealth
  5453 | D        | Noticed Snorg
  5461 | D        | Killed Snorg
  5520 | D        | Noticed a fire giant
  5520 | D        | Noticed a fire dragon
  5520 | D        | Noticed a fire giant
  5520 | D        | Noticed a spark wasp
  5528 | D        | Noticed a stone giant
  5530 | D        | Killed a spark wasp
  5530 | D        | Received a gift from Okawaru
  5537 | D        | Noticed a red very ugly thing
  5539 | D        | Noticed an ettin
  5540 | D        | Killed a fire giant
  5545 | D        | Killed a fire dragon
  5552 | D        | Killed a fire giant
  5553 | D        | Noticed a stone giant
  5559 | D        | Killed a stone giant
  5559 | D        | Reached XP level 14. HP: 36/149 MP: 15/15
  5580 | D        | Killed a red very ugly thing
  6002 | D        | Killed a stone giant
  6183 | D        | Received a gift from Okawaru
  6235 | D        | Got a translucent troll leather armour {god gift}
  6241 | D        | Identified the +4 troll leather armour "Arezu" {Regen+
                  | Dex+4} (Okawaru gifted it to you in the Dungeon)
  6344 | D        | Noticed an ironheart preserver
  6354 | D        | Killed an ironheart preserver
  6388 | D        | Noticed an entropy weaver
  6395 | D        | Noticed a vault warden
  6404 | D        | HP: 4/152 [mirror damage (14)]
  6421 | D        | HP: 4/152 [freezing wraith (7)]
  6426 | D        | HP: 3/228 [entropy weaver (2)]
  6428 | D        | Killed an entropy weaver
  6428 | D        | Reached skill level 1 in Throwing
  6439 | D        | Killed a vault warden
  6439 | D        | Received a gift from Okawaru
  6468 | D        | HP: 1/154 [something (21)]
  7175 | D        | Noticed Sojobo
  7176 | D        | Noticed a tengu reaver
  7176 | D        | Noticed a tengu reaver
  7192 | D        | Killed Sojobo
  7197 | D        | Killed a tengu reaver
  7201 | D        | Killed a tengu reaver
  7569 | D        | Noticed Frederick
  7580 | D        | Killed Frederick
  7580 | D        | Reached skill level 5 in Throwing
  7580 | D        | Reached XP level 15. HP: 76/162 MP: 16/16
  7835 | D        | Found the +7 mace of Variability {chain chaos}
  7934 | D        | Noticed Margery
  7952 | D        | Killed Margery
  7952 | D        | Received a gift from Okawaru
  8321 | D        | Got an ichor-stained demon whip {god gift}
  8322 | D        | Identified the +6 demon whip "Byona" {elec, Str-4 Dex+4
                  | SInv} (Okawaru gifted it to you in the Dungeon)
  8441 | D        | Noticed Louise
  8448 | D        | Killed Louise
  8561 | D        | Noticed Ilsuiw
  8587 | D        | Killed Ilsuiw
  8605 | D        | Received a gift from Okawaru
  8622 | D        | Got a barnacled rune of Zot
  8628 | D        | Got an ichor-stained morningstar {god gift}
  8629 | D        | Identified the +9 morningstar "Fixzycw" {protect, Fragile
                  | rN+ Dex+4} (Okawaru gifted it to you in the Dungeon)
  8830 | D        | Killed a ghost moth
  8838 | D        | Killed a ghost moth
  8838 | D        | Received a gift from Okawaru
  8866 | D        | Reached skill level 27 in Shields
  8872 | D        | Got a masterwork morningstar {god gift}
  8873 | D        | Identified the +0 morningstar of Grandeur {speed, rPois rC-
                  | MR- Int+10} (Okawaru gifted it to you in the Dungeon)
  8908 | D        | Got a gossamer rune of Zot
  9091 | D        | Received a gift from Okawaru
  9101 | D        | Reached XP level 16. HP: 166/179 MP: 17/17
  9107 | D        | Got a decaying rune of Zot
  9181 | D        | Received a gift from Okawaru
  9227 | D        | Got a serpentine rune of Zot
  9375 | D        | Noticed Jory
  9405 | D        | Killed Jory
  9405 | D        | Reached skill level 27 in Maces & Flails
  9631 | D        | Reached skill level 27 in Fighting
  9653 | D        | Reached skill level 10 in Dodging
  9740 | D        | Reached skill level 27 in Armour
  9892 | D        | Received a gift from Okawaru
  9897 | D        | Noticed a shadow dragon
  9901 | D        | Reached skill level 10 in Throwing
  9911 | D        | Killed a shadow dragon
  9917 | D        | Noticed a shadow dragon
  9926 | D        | Killed a shadow dragon
 10034 | D        | Noticed a shadow dragon
 10034 | D        | Noticed a quicksilver dragon
 10034 | D        | Noticed a titan
 10034 | D        | Noticed a tentacled monstrosity
 10034 | D        | Noticed a shadow dragon
 10035 | D        | Noticed an ancient lich
 10042 | D        | Killed a tentacled monstrosity
 10043 | D        | Noticed a shadow dragon
 10045 | D        | Reached skill level 15 in Throwing
 10045 | D        | Reached XP level 17. HP: 189/191 MP: 18/18
 10051 | D        | Received a gift from Okawaru
 10053 | D        | Killed a titan
 10053 | D        | Reached skill level 15 in Dodging
 10057 | D        | Killed an ancient lich
 10087 | D        | Killed a quicksilver dragon
 10097 | D        | Got a topaz-encrusted crystal plate armour {god gift}
 10103 | D        | Identified the +9 crystal plate armour "Kyifrigg" {rCorr
                  | MP+9 Dex+2 SInv} (Okawaru gifted it to you in the Dungeon)
 10152 | D        | Got a silver rune of Zot
 10486 | D        | Noticed Mennas
 10519 | D        | Killed Mennas
 10519 | D        | Reached skill level 5 in Invocations
 10694 | D        | Got the amulet "Caqevyit" {Spirit MP+9}
 10698 | D        | Got the ring of Qyosaif {Wiz rElec}
 10702 | D        | Got the amulet of Hewew {RegenMP rC- rN+ Dex+6}
 10823 | D        | Noticed Nikola
 10832 | D        | Killed Nikola
 10835 | D        | Noticed Boris
 10848 | D        | Killed Boris
 10885 | D        | Noticed Mara
 10888 | D        | Noticed mhtbhm's illusion
 10946 | D        | Noticed mhtbhm's illusion
 10999 | D        | Killed Mara
 10999 | D        | Received a gift from Okawaru
 11422 | D        | Noticed a caustic shrike
 11422 | D        | Noticed a golden dragon
 11429 | D        | Killed a golden dragon
 11429 | D        | Reached skill level 10 in Invocations
 11430 | D        | Killed a caustic shrike
 11445 | D        | Noticed a golden dragon
 11448 | D        | Killed a golden dragon
 11448 | D        | Received a gift from Okawaru
 11453 | D        | Received a gift from Okawaru
 11454 | D        | Noticed a bone dragon
 11464 | D        | Killed a bone dragon
 11464 | D        | Reached XP level 18. HP: 180/200 MP: 26/26
 11530 | D        | Noticed a tentacled monstrosity
 11530 | D        | Noticed a curse toe
 11540 | D        | Killed a tentacled monstrosity
 11546 | D        | Killed from afar by a deathcap

Illustrated notes

Levels and vault maps discovered:
D:        linesprint [early_d, line_temple, items_1, d_10, items_2, lair_1,
          lair_end, items_3, orc_1, orc_end, items_4, d_15, swamp_1, shoals_1,
          snake_1, spider_1, d_20, vaults_1, items_5, swamp_end, shoals_end,
          snake_end, spider_end, vaults_end, d_27, items_6, zot_1, zot_end,
          crypt_end, forest_end, elf_end, slime_end, tomb_end, abyss_end,
          pan_hell_end]

Skill      XL: |  1  2  3  4  5  6  7  8  9 10 11 12 13 14 15 16 17 |
---------------+----------------------------------------------------+-----
Fighting       | 4 5 6 10 11 13 14 16 18 20 22 25 27 | 27.0
Armour         | 4 5 6 10 12 14 15 17 18 19 21 22 27 | 27.0
Shields        | 4 5 6 10 11 12 13 15 17 20 22 24 27 | 27.0
Maces & Flails | 3 4 8 10 11 14 15 17 19 20 23 26 27 | 27.0
Dodging        | 1 3 4 5 6 7 8 14 18 | 18.9
Evocations     | 1 3 |  3.2
Stealth        | 1 2 7 8 |  8.6
Invocations    | 1 3 12 | 12.9
Throwing       | 5 7 15 25 | 25.8

Action                   |  1- 3 |  4- 6 |  7- 9 | 10-12 | 13-15 | 16-18 || total
-------------------------+-------+-------+-------+-------+-------+-------++-------
Melee: Flail             |    39 |     1 |    59 |   471 |   163 |       ||   733
       Headbutt          |    10 |       |    13 |   127 |   192 |   124 ||   466
       Morningstar       |       |       |       |       |   437 |   429 ||   866
Throw: Javelin           |       |       |       |       |    17 |    29 ||    46
Invok: Heroism           |       |       |       |     2 |     3 |     2 ||     7
       Finesse           |       |       |       |       |     1 |     1 ||     2
 Abil: Stop Flying       |       |       |       |       |       |     1 ||     1
Evoke: Wand              |       |     1 |     3 |     6 |       |       ||    10
  Use: Potion            |     1 |       |     1 |     6 |    11 |     2 ||    21
       Scroll            |       |       |       |       |     4 |       ||     4
 Stab: Invisible         |       |       |       |       |     9 |       ||     9
Armor: Scale mail        |    14 |       |       |       |       |       ||    14
       Plate armour      |     1 |       |    42 |   103 |   189 |    39 ||   374
       Crystal plate arm |       |       |       |       |       |    35 ||    35
Dodge: Dodged            |    13 |       |    35 |    88 |   161 |    62 ||   359
Block: Kite shield       |    19 |     1 |    48 |   196 |   235 |       ||   499
       Tower shield      |       |       |       |       |   178 |   311 ||   489

Table legend: (Time is in decaauts) A = Elapsed time spent in this place. B = Non-inter-level travel time spent in this place. C = Inter-level travel time spent in this place. D = Time resting spent in this place. E = Time spent auto-exploring this place. F = Levels seen in this place. G = Mean time per level. A B C D E F G +--------+--------+--------+--------+--------+-----+--------+ Total | 11100 | 11100 | 0 | 5629 | 1376 | 1 | 11100.0 | Dungeon | 11100 | 11100 | 0 | 5629 | 1376 | 1 | 11100.0 | +--------+--------+--------+--------+--------+-----+--------+

Top non-repeatable levels by time:
       D: 11100 daAuts
